 Dungeon Crawl Stone Soup version 0.22-a0-247-gbddf880757 (webtiles) character file.

4758 Peterchen the Severer (level 10, -3/84 HPs)
             Began as a Minotaur Berserker on Feb 24, 2018.
             Was a High Priest of Trog.
             Killed by divine providence
             ... invoked by an orc priest
              (16 damage)
             ... on level 8 of the Dungeon.
             The game lasted 00:23:15 (7127 turns).

Peterchen the Severer (Minotaur Berserker)          Turns: 7127, Time: 00:23:15

Health: -3/84      AC:  8    Str: 25    XL:     10   Next: 23%
Magic:  9/9        EV: 10    Int:  4    God:    Trog [*****.]
Gold:   370        SH:  3    Dex: 10    Spells: 9/9 levels left

rFire    + . .     SeeInvis +   o - +0 war axe
rCold    . . .     Gourm    .   D - +0 buckler
rNeg     . . .     Faith    +   H - +2 scale mail {rPois}
rPois    +         Spirit   .   (helmet restricted)
rElec    .         Reflect  .   (no cloak)
rCorr    .         Harm     .   (no gloves)
MR       .....                  (no boots)
Stlth    ..........             y - amulet of faith
HPRegen  0.24/turn              t - ring of see invisible
MPRegen  0.11/turn              A - ring of protection from fire

@: berserk cooldown, very slightly contaminated, slowed, very slow
A: retaliatory headbutt, horns 2
a: Berserk, Trog's Hand, Brothers in Arms, Renounce Religion


You were on level 8 of the Dungeon.
You worshipped Trog.
Trog was extremely pleased with you.
You were very hungry.

You visited 1 branch of the dungeon, and saw 8 of its levels.

You collected 370 gold pieces.

Inventory:

Hand Weapons
 o - a +0 war axe (weapon)
 z - a +0 hand axe of freezing
Missiles
 E - 5 tomahawks (quivered)
Armour
 D - a +0 buckler (worn)
 H - a +2 scale mail of poison resistance (worn)
Jewellery
 t - a ring of see invisible (left hand)
 y - an amulet of faith (around neck)
 A - a ring of protection from fire (right hand)
 B - an uncursed amulet of guardian spirit {unknown}
Wands
 a - a wand of flame (60)
 v - a wand of iceblast (8)
Scrolls
 b - 3 scrolls of enchant armour
 e - 3 scrolls of teleportation
 g - 3 scrolls of identify
 n - 2 scrolls of immolation
 q - a scroll of magic mapping
 r - a scroll of remove curse
 s - a scroll of amnesia {unknown}
 u - a scroll of enchant weapon {unknown}
 F - a scroll of fog {unknown}
Potions
 d - a potion of mutation {unknown}
 f - 3 potions of degeneration {unknown}
 h - a potion of magic {unknown}
 i - a potion of curing {unknown}
 j - a potion of cancellation
 k - a potion of flight {unknown}
 l - 2 potions of lignification {unknown}
 m - 2 potions of brilliance {unknown}
 w - a potion of might {unknown}
 x - a potion of berserk rage {unknown}
 C - a potion of haste
Comestibles
 c - 10 rations
 G - 9 chunks of flesh


   Skills:
 * Level 6.7 Fighting
 * Level 16.2 Axes
 - Level 2.4 Armour
 - Level 2.1 Dodging


You had 9 spell levels left.
You didn't know any spells.

Dungeon Overview and Level Annotations

Branches:
Dungeon (8/15)             Temple (0/1) D:6
   Lair: D:8-11

Altars:
Elyvilon
Fedhas
Nemelex Xobeh
Okawaru
Sif Muna
Trog
Yredelemnul

Shops:
D:5 (


Innate Abilities, Weirdness & Mutations

You reflexively headbutt those who attack you in melee.
You have a pair of horns on your head.


Message History

a giant spiked club; an ogre corpse You closely miss the orc warrior.
The orc warrior hits you with a hand axe!
You barely miss the orc warrior.
The orc priest calls down the wrath of Beogh upon you.
Beogh smites you!
The orc warrior hits you but does no damage.
You barely miss the orc warrior. Your headbutt misses the orc warrior.
The orc warrior hits you with a hand axe!
* * * LOW HITPOINT WARNING * * *
The orc priest invokes the aid of Beogh against you.
Beogh smites you!
* * * LOW HITPOINT WARNING * * *
Blink to where?
Press: ? - help, Dir - move target cursor You are very lightly contaminated with residual magic.
As you read the scroll of blinking, it crumbles to dust.
The orc priest mumbles some strange prayers to Beogh against you.
Beogh smites you!
You die...

......./.........
.....%.o.........
##.#.....[#####.
# #...o..#
#......# #......#
#.##o### #. #o#
#. #@# #. ### #.
#. #.


You could see an orc warrior, 2 orc priests and an orc.

Vanquished Creatures
  A two-headed ogre (D:8)
  Pikel (D:5)
  An oklob plant (D:6)
  A gargoyle (D:7)
  A troll (D:8)
  The ghost of RedPan the Ducker, an amateur DsMo (D:4)
  Duvessa (D:5)
  3 sky beasts
  2 ice beasts
  A black bear (D:6)
  A slave (D:5)
  3 ogres
  4 bullfrogs
  Dowan (D:5)
  A water moccasin skeleton (D:7)
  3 howler monkeys
  2 crimson imps (D:7)
  4 orc priests
  A centaur zombie (D:8)
  6 hounds
  2 jellies
  A bullfrog skeleton (D:6)
  11 orc wizards
  Jessica (D:3)
  4 iguanas
  5 worker ants
  A hound zombie (D:5)
  A hound skeleton (D:4)
  8 adders
  3 gnolls (D:5)
  A shadow imp (D:6)
  2 oozes
  3 adder skeletons
  A worm (D:4)
  4 dart slugs
  7 leopard geckos
  29 orcs
  9 ball pythons
  3 bats (D:1)
  8 giant cockroaches
  4 goblins
  7 hobgoblins
  4 jackals (D:7)
  11 quokkas
  5 frilled lizards
  A jackal zombie (D:5)
  10 kobolds
  A leopard gecko skeleton (D:4)
  A quokka zombie (D:7)
  7 rats
194 creatures vanquished.

Vanquished Creatures (others)
  A quokka (D:5)
1 creature vanquished.

Grand Total: 195 creatures vanquished

Notes
Turn   | Place    | Note
-------+----------+-------------------------------------------
     0 | D:1      | Peterchen the Minotaur Berserker began the quest for the Orb.
     0 | D:1      | Reached XP level 1. HP: 19/19 MP: 0/0
    51 | D:1      | Reached skill level 4 in Axes
   185 | D:1      | Reached XP level 2. HP: 26/26 MP: 1/1
   477 | D:1      | Reached skill level 5 in Axes
   566 | D:1      | Reached XP level 3. HP: 29/31 MP: 2/2
   644 | D:1      | Reached ** piety under Trog
   910 | D:2      | Found a basalt altar of Yredelemnul.
   910 | D:2      | Found an iron altar of Okawaru.
  1249 | D:2      | Reached skill level 6 in Axes
  1249 | D:2      | Reached XP level 4. HP: 39/39 MP: 3/3
  1330 | D:2      | Found a bloodstained altar of Trog.
  1716 | D:3      | Reached skill level 7 in Axes
  1716 | D:3      | Reached XP level 5. HP: 45/45 MP: 4/4
  1902 | D:3      | Noticed Jessica
  1910 | D:3      | Killed Jessica
  1999 | D:3      | Found a sparkling altar of Nemelex Xobeh.
  2061 | D:3      | Reached *** piety under Trog
  2240 | D:4      | Reached skill level 8 in Axes
  2243 | D:4      | Reached XP level 6. HP: 51/51 MP: 5/5
  2319 | D:4      | Noticed RedPan's ghost (amateur DsMo)
  2330 | D:4      | Reached skill level 9 in Axes
  2678 | D:4      | Reached XP level 7. HP: 54/57 MP: 6/6
  2780 | D:4      | Reached skill level 10 in Axes
  3004 | D:4      | Killed RedPan's ghost
  3173 | D:5      | Entered Level 5 of the Dungeon
  3196 | D:5      | Reached skill level 11 in Axes
  3428 | D:5      | Found Oram's Antique Weapon Boutique.
  3475 | D:5      | Noticed Duvessa
  3476 | D:5      | Noticed Dowan
  3494 | D:5      | Killed Duvessa
  3494 | D:5      | Reached XP level 8. HP: 33/64 MP: 7/7
  3494 | D:5      | Killed Dowan
  3810 | D:5      | Reached skill level 12 in Axes
  3829 | D:5      | Reached **** piety under Trog
  4078 | D:5      | Noticed Pikel
  4103 | D:5      | Killed Pikel
  4103 | D:5      | Reached skill level 13 in Axes
  4137 | D:5      | Found a white marble altar of Elyvilon.
  4446 | D:6      | Reached XP level 9. HP: 58/70 MP: 8/8
  4473 | D:6      | Reached skill level 14 in Axes
  4529 | D:6      | Found a blossoming altar of Fedhas.
  4529 | D:6      | Noticed an oklob plant
  5182 | D:6      | Found a staircase to the Ecumenical Temple.
  5475 | D:6      | Reached ***** piety under Trog
  5475 | D:6      | Reached skill level 15 in Axes
  5806 | D:6      | Killed an oklob plant
  5847 | D:7      | Noticed a gargoyle
  5926 | D:7      | Killed a gargoyle
  6217 | D:7      | Reached skill level 5 in Fighting
  6294 | D:7      | Found a deep blue altar of Sif Muna.
  7094 | D:8      | Noticed a troll
  7100 | D:8      | Killed a troll
  7100 | D:8      | Reached skill level 16 in Axes
  7100 | D:8      | Reached XP level 10. HP: 69/83 MP: 9/9
  7104 | D:8      | Noticed a two-headed ogre
  7114 | D:8      | Killed a two-headed ogre
  7127 | D:8      | Killed from afar by an orc priest

Vault maps used:
D:1:      minmay_arrival_wavy_path
D:2:      chequers_temple_overflow_statue_of_worship, bloody_trog
D:3:      old_standard_altar, first_ration, minmay_shallow_snake_nest,
          uniq_jessica
D:4:      grunt_decor_arrowhead
D:5:      kennysheep_big_flooded_room, elyvilon_altar_4, serial_shops,
          kennysheep_little_box, uniq_duvessa, uniq_pikel
D:6:      minmay_temple_entry_grid, lemuel_oklob_altar
D:7:      led_sif_pool, enter_bailey_8
D:8:      statuecave_lemuel, lemuel_coloured_pillars_altar

Skill      XL: |  1  2  3  4  5  6  7  8  9 10 |
---------------+-------------------------------+-----
Axes           | 4 5 6 7 8 9 11 13 16 | 16.2
Fighting       | 5 6 |  6.7
Armour         | |  2.4
Dodging        | |  2.1

Action                   |  1- 3 |  4- 6 |  7- 9 | 10-12 || total
-------------------------+-------+-------+-------+-------++-------
Melee: Hand axe          |    97 |   121 |       |       ||   218
       Headbutt          |    13 |    18 |    54 |     1 ||    86
       War axe           |       |       |   282 |     8 ||   290
Invok: Berserk           |     1 |     3 |     7 |     1 ||    12
       Trog's Hand       |       |     3 |     5 |       ||     8
Evoke: Wand              |       |       |     1 |       ||     1
  Use: Scroll            |       |     7 |     4 |     1 ||    12
       Potion            |       |       |     1 |       ||     1
  Eat: Chunk             |     2 |     5 |    15 |       ||    22
       Ration            |       |     1 |     2 |       ||     3
Armor: Animal skin       |     4 |       |       |       ||     4
       Ring mail         |    26 |    30 |    66 |       ||   122
       Scale mail        |       |       |     9 |     2 ||    11
Dodge: Dodged            |    63 |    72 |   100 |     2 ||   237
Block: Buckler           |       |       |     9 |       ||     9

Table legend:
 A = Spawn XP
 B = Non-spawn XP
 C = Spawn XP percentage of total XP
 D = Spawn monster count
 E = Non-spawn monster count
 F = Spawn count percentage of total count
 G = Total turns spent on level
                    A         B        C        D         E        F      G
               +---------+---------+-------+---------+---------+-------+---------
         Total |       0 |    6798 |   0.0 |       0 |     193 |   0.0 |  7127
               +---------+---------+-------+---------+---------+-------+---------
           D:1 |       0 |      51 |   0.0 |       0 |      27 |   0.0 |   745
           D:2 |       0 |      57 |   0.0 |       0 |      18 |   0.0 |   770
           D:3 |       0 |     223 |   0.0 |       0 |      32 |   0.0 |   882
           D:4 |       0 |     834 |   0.0 |       0 |      34 |   0.0 |   776
           D:5 |       0 |    1535 |   0.0 |       0 |      21 |   0.0 |  1246
           D:6 |       0 |    1755 |   0.0 |       0 |      33 |   0.0 |  1740
           D:7 |       0 |    1004 |   0.0 |       0 |      24 |   0.0 |   927
           D:8 |       0 |    1339 |   0.0 |       0 |       4 |   0.0 |    41
               +---------+---------+-------+---------+---------+-------+---------
